 Dungeon Crawl Stone Soup version 0.14.0-18-g0341e45 (webtiles) character file.

466772 MDvedh the Invulnerable (level 23, -3/215 (236) HPs)
             Began as a Minotaur Death Knight on Apr 19, 2014.
             Was a High Priest of the Shining One.
             Slain by a vampire knight
             ... wielding a +0,+0 war axe
              (10 damage)
             ... while paralysed by a vampire knight
             ... on Level 4 of the Crypt.
             The game lasted 03:43:55 (75545 turns).

MDvedh the Invulnerable (Minotaur Death Knight)    Turns: 75545, Time: 03:43:55

HP  -3/215 (236) AC 47     Str 26      XL: 23   Next: 39%
MP  30/30        EV  2     Int 10      God: the Shining One [*****.]
Gold 4328        SH  0     Dex 17      Spells:  0 memorised, 22 levels left

rFire  + . .     SeeInvis +     I - +5,+4 morningstar (freeze)
rCold  + + .     Clarity  .     w - +9 gold dragon armour (curse)
rNeg   + + .     Conserve +     R - +0 large shield {rC+}
rPois  +         rCorr    .     U - +2 hat {MR+} (curse)
rElec  .         rRot     .     L - +3 cloak of Flash {+Fly EV+4}
SustAb . .       Spirit   .     D - +0 pair of gloves
rMut   .         Warding  .     n - +0 pair of boots "Froestas" {+Blink Dex+1}
Saprov . . .     Stasis   .     G - cursed amulet of Khailyat {Cons Dex+2 Int+2}
MR     ++...                    Q - ring of see invisible
                                r - cursed ring of regeneration

@: paralysed, glowing, flayed, very resistant to hostile enchantments, extremely
unstealthy
A: retaliatory headbutt, horns 2, thin skeletal structure 1, mutation resistance
1, poison resistance
a: Divine Shield, Cleansing Flame, Summon Divine Warrior, Renounce Religion,
Evoke Blink, Evoke Flight
}: 2/15 runes: decaying, gossamer


You were on level 4 of the Crypt.
You worshipped the Shining One.
The Shining One was extremely pleased with you.
You were not hungry.

You visited 11 branches of the dungeon, and saw 53 of its levels.
You visited the Abyss 2 times.
You also visited: Wizlab.

You collected 5865 gold pieces.
You spent 1537 gold pieces at shops.

Inventory:

Hand weapons
 I - a +5,+4 morningstar of freezing (weapon)
 S - a +3,+0 eveningstar of flaming
Armour
 n - the +0 pair of boots "Froestas" (worn) {+Blink Dex+1}
   (You found it on level 2 of the Elven Halls)

   It affects your dexterity (+1).
   It lets you blink.
 w - a cursed +9 gold dragon armour (worn)
 D - a +0 pair of gloves (worn)
 L - the cursed +3 cloak of Flash (worn) {+Fly EV+4}
   (You found it in a wizard's laboratory)

   It affects your evasion (+4).
   It lets you fly.
   It has a curse placed upon it.
 R - a +0 large shield of cold resistance (worn)
 U - a cursed +2 hat of magic resistance (worn)
Magical devices
 b - a wand of disintegration (10)
 p - a wand of teleportation (4)
 x - a wand of random effects (14) {unknown}
 y - a wand of teleportation (4)
 z - a wand of digging (4)
 H - a wand of disintegration (16)
Comestibles
 P - a meat ration
 Y - 3 honeycombs
Scrolls
 a - a scroll of recharging
 c - a scroll of amnesia
 g - 3 scrolls of blinking
 k - 18 scrolls of remove curse
 A - a scroll of holy word
 C - 7 scrolls of magic mapping
 E - 5 scrolls of fog
 F - 7 scrolls of identify
 K - 4 scrolls of teleportation
 M - 4 scrolls of fear
 O - 3 scrolls of silence
 Z - a scroll of vulnerability
Jewellery
 d - an uncursed ring of protection from magic
 e - a cursed ring of flight
 h - an uncursed ring of teleport control
 i - an uncursed amulet of resist mutation
 j - an uncursed amulet of clarity
 l - an uncursed ring of protection from fire
 r - a cursed ring of regeneration (left hand)
 G - the cursed amulet of Khailyat (around neck) {Cons Dex+2 Int+2}
   (You took it off a spriggan berserker on level 2 of the Depths)

   [amulet of conservation]

   It affects your intelligence (+2).
   It affects your dexterity (+2).
   It has a curse placed upon it.
 J - an uncursed amulet of resist corrosion
 Q - a ring of see invisible (right hand)
Potions
 f - 17 potions of curing
 o - 5 potions of magic
 q - 2 potions of resistance
 s - 7 potions of might
 t - 5 potions of porridge
 u - 2 potions of agility
 v - a potion of berserk rage
 B - 4 potions of brilliance
 N - 2 potions of heal wounds
 V - 6 potions of flight


   Skills:
 - Level 25.8 Fighting
 - Level 17.6 Maces & Flails
 O Level 27 Armour
 - Level 1.1 Dodging
 + Level 18.6 Shields
 - Level 10.0 Invocations


You had 22 spell levels left.
You didn't know any spells.

Dungeon Overview and Level Annotations

Branches:
Dungeon (15/15)            Temple (1/1) D:7             Orc (4/4) D:11
    Elf (3/3) Orc:4          Lair (8/8) D:9           Swamp (5/5) Lair:5
 Spider (5/5) Lair:5        Slime (0/6) Lair:7       Vaults (5/5) D:14
  Blade (1/1) Vaults:3      Crypt (4/5) Vaults:2       Tomb (0/3) Crypt:3
 Depths (2/5) D:15

Altars:
Ashenzari
Cheibriados
Dithmenos
Elyvilon
Fedhas
Kikubaaqudgha
Makhleb
Nemelex Xobeh
Okawaru
Sif Muna
Trog
Vehumet
Xom
Yredelemnul
Zin
The Shining One

Shops:
D:4 (   D:6 **%(   D:7 (   D:9 =}   D:13 =   D:15 *   Orc:3 (   Orc:4 %((%[
Vaults:5 %   Depths:1 *

Portals:
Hell: Depths:1 Depths:2
Ziggurat: Depths:2

Annotations:
Lair:7 exclusion: oklob plant


Innate Abilities, Weirdness & Mutations

You reflexively headbutt those who attack you in melee.
You have a pair of horns on your head.
You have a somewhat thin skeletal structure (Dex +2, Stealth).
You are somewhat resistant to further mutation.
Your system is resistant to poisons.


Message History

The vampire knight bites you but does no damage.
The flayed ghost completely misses you. The wraith hits you but does no damage.
The flayed ghost hits you but does no damage. x2
The vampire knight hits you but does no damage.
The vampire knight bites you but does no damage.
The wraith hits you but does no damage. The flayed ghost hits you!
* * * LOW HITPOINT WARNING * * *
The flayed ghost hits you!
* * * LOW HITPOINT WARNING * * *
The wraith hits you.
* * * LOW HITPOINT WARNING * * *
The vampire knight mumbles some strange words.
The vampire knight seems to speed up.
The flayed ghost hits you!
* * * LOW HITPOINT WARNING * * *
The flayed ghost hits you.
* * * LOW HITPOINT WARNING * * *
The wraith hits you but does no damage.
The vampire knight hits you with a war axe!
You die...

)....###.## .V.W.
#.....#...######
......
##...##........#
.⌠...⌠.
##.###...####.#
....... #.# ##### #.#
...⌠... #.# #.#
###.......# ##'##
####.####....# ##...##
#....V#p....##
#.....## #.##..@pp..##
.......## #.#..##W.###
........###)...###.#.#
........'.)).........
........###......#####
.......## ###.)###
#.....## ###.###
##...## #.....# ##'##
#.#.#.#


You could see a vampire knight (invisible), 3 flayed ghosts and a wraith.

Vanquished Creatures
  the Lernaean hydra (Swamp:5)
  Frederick (Crypt:2)
  A bone dragon (Crypt:3)
  3 tentacled monstrosities
  6 deep elf blademasters (Elf:3)
  3 liches
  4 deep elf master archers (Elf:3)
  A sphinx (Vaults:1)
  An eldritch tentacle (WizLab)
  An Executioner (WizLab)
  3 ancient champions
  3 revenants
  An azure jelly (shapeshifter) (Vaults:3)
  7 frost giants
  5 vault wardens
  9 ghouls
  3 fire giants
  6 deep elf sorcerers
  2 tengu reavers
  Aizul (Crypt:1)
  2 ghost moths
  A draconian zealot (Abyss:2)
  3 emperor scorpions
  Jorgrun (Crypt:1)
  5 stone giants
  An ophan (Abyss:1)
  2 rakshasas (Depths:2)
  2 deep elf demonologists
  6 vampire knights
  Azrael (Spider:3)
  A curse skull (Crypt:3)
  A dire elephant (Depths:2)
  9 deep elf annihilators
  6 deep elf death magi
  Snorg (Spider:2)
  A mummy priest (Crypt:3)
  2 eidola (Crypt:2)
  5 ettins
  28 vault guards
  9 ironheart preservers
  A minotaur (Depths:2)
  5 jiangshi
  Fannar (Lair:3)
  3 fire dragons
  3 yaktaur captains
  2 death cobs (Crypt:2)
  An ice dragon (Lair:8)
  7 dancing weapons
  5 deep dwarf death knights
  4 ogre magi
  5 hydras
  4 alligators
  2 deep troll earth magi
  3 tengu warriors
  A deep troll shaman (Depths:2)
  2 orc high priests (Orc:4)
  3 thrashing horrors (WizLab)
  4 plague shamblers
  3 death yaks
  2 spriggan berserkers (Depths:2)
  8 centaur warriors
  3 vampire magi
  A storm dragon zombie (Crypt:1)
  A sun demon (Vaults:3)
  A titan skeleton (Crypt:3)
  3 wretched stars
  3 very ugly things
  5 deep trolls
  4 iron trolls
  28 skeletal warriors
  16 deep elf knights
  4 orb spiders
  A golden dragon zombie (Crypt:2)
  9 spectral elves
  A storm dragon skeleton (Crypt:1)
  3 unseen horrors
  2 spriggan druids (Swamp:5)
  6 flayed ghosts
  4 swamp dragons
  2 giant orange brains
  6 hill giants
  6 deep elf summoners
  4 harpies
  A shadow demon (Abyss:2)
  7 large abominations
  3 wolf spider zombies
  10 deep elf conjurers
  A dwarf zombie (Vaults:1)
  A spectral hydra (Crypt:3)
  6 orc knights
  The ghost of nht the Insei, an experienced DrTm of Nemelex Xobeh (D:6)
  6 ironbrand convokers
  An orc sorcerer (Vaults:3)
  2 wizards
  6 necromancers
  5 flaming corpses
  5 griffons
  A frost giant zombie (Crypt:1)
  11 phantasmal warriors
  4 cyclopes
  A salamander (shapeshifter) (Abyss:1)
  A shadow dragon skeleton (Crypt:1)
  2 fire drakes
  5 red wasps
  9 elephants
  2 sixfirhies
  4 manticores
  A black mamba (shapeshifter) (Vaults:4)
  13 wolf spiders
  An elephant (shapeshifter) (Depths:2)
  A shock serpent skeleton (Crypt:3)
  2 orange demons
  An eye of devastation (shapeshifter) (Elf:1)
  A gargoyle (D:13)
  3 polar bears (Lair:8)
  A vapour (WizLab)
  19 yaktaurs
  A demonspawn skeleton (WizLab)
  An item mimic (Swamp:4)
  5 vault sentinels
  An emperor scorpion zombie (Spider:2)
  A feature mimic (Elf:3)
  4 centaur zombies (Vaults:2)
  2 kobold demonologists
  An anaconda simulacrum (Crypt:3)
  5 redback zombies
  A green draconian zombie (Crypt:2)
  2 smoke demons
  11 spiny frogs
  An iron devil (WizLab)
  5 freezing wraiths
  9 deep elf priests
  An efreet (Abyss:2)
  3 guardian mummies (Crypt:3)
  6 blue devils
  A sea snake skeleton (Crypt:1)
  A giant firefly (Swamp:2)
  7 two-headed ogres
  A komodo dragon (shapeshifter) (Vaults:5)
  A harpy zombie (Crypt:1)
  A hydra zombie (D:15)
  8 demonic crawlers
  A death yak skeleton (Crypt:2)
  4 ancient zymes
  A tengu conjurer (Vaults:1)
  A white draconian skeleton (Crypt:4)
  A queen bee (Lair:8)
  4 trolls
  5 raiju
  2 red devils (WizLab)
  9 boggarts
  A komodo dragon (D:14)
  3 silent spectres
  2 baby alligators (Swamp:1)
  A brown ooze (shapeshifter) (Elf:1)
  A sphinx simulacrum (Vaults:4)
  6 giant leeches
  A giant firefly (shapeshifter) (Depths:2)
  3 bog bodies
  A frost giant simulacrum (Crypt:1)
  7 jumping spiders
  A red wasp zombie (Vaults:2)
  3 boulder beetles
  2 griffon zombies
  A harpy skeleton (Crypt:1)
  An ice dragon zombie (Crypt:1)
  28 blink frogs
  3 ravens
  4 grizzly bears (Lair:8)
  An ettin zombie (Vaults:2)
  8 tarantellas
  2 thorn lotuses (Swamp:3)
  A satyr skeleton (Crypt:1)
  An iron dragon simulacrum (Crypt:1)
  A human simulacrum (Vaults:5)
  2 trapdoor spiders (Spider:2)
  2 vampires
  A basilisk (Lair:4)
  22 slime creatures
  8 flying skulls
  A hog (shapeshifter) (Depths:1)
  24 redbacks
  10 shadows
  13 starcursed masses
  A griffon skeleton (D:13)
  A queen ant zombie (Crypt:2)
  2 ynoxinuls (Abyss:2)
  6 hungry ghosts
  4 spriggans
  A fire bat (Abyss:1)
  A tarantella (shapeshifter) (Vaults:1)
  25 deep elf magi
  10 wraiths
  A yak (shapeshifter) (Vaults:1)
  A wyvern (D:9)
  An elephant slug (Lair:2)
  3 hogs
  2 sharks
  A hill giant zombie (Crypt:1)
  12 hippogriffs
  4 fire elementals
  An ugly thing zombie (Crypt:4)
  2 yaks
  3 hill giant skeletons
  A human (D:7)
  A steam dragon (D:10)
  4 wargs (Lair:8)
  18 ugly things
  2 chaos spawn (Abyss:1)
  5 neqoxecs
  34 deep elf fighters
  11 vampire mosquitoes
  2 hell hounds (Lair:8)
  A monstrous demonspawn zombie (Crypt:3)
  4 swamp worms
  2 spatial vortices (WizLab)
  A putrid demonspawn zombie (Crypt:3)
  A mottled dragon (shapeshifter) (Depths:2)
  5 necrophages (Crypt:3)
  12 water moccasins
  22 wolves
  3 porcupines
  12 small abominations
  2 orb spider zombies
  A spiny frog zombie (Lair:5)
  6 swamp drakes
  A fire dragon simulacrum (Crypt:1)
  28 orc warriors
  6 ice beasts
  4 black bears
  3 human zombies
  26 spiders
  A spiny frog skeleton (Spider:1)
  3 blink frog zombies (Lair:4)
  5 phantoms
  5 giant goldfish
  A boring beetle (Spider:4)
  34 ogres
  A lindwurm skeleton (Crypt:4)
  5 crocodiles
  4 sky beasts
  A yaktaur zombie (Vaults:1)
  A lava worm (Lair:5)
  A brain worm (Abyss:1)
  A dryad zombie (Crypt:3)
  16 giant frogs
  A salamander zombie (Crypt:2)
  13 centaurs
  6 giant slugs
  A big kobold (D:10)
  A silver statue (WizLab)
  3 spider zombies
  A cyclops zombie (D:11)
  12 insubstantial wisps
  A draconian skeleton (Crypt:3)
  2 earth elementals
  5 scorpions
  An elf simulacrum (Vaults:1)
  An eye of draining (shapeshifter) (Vaults:3)
  27 killer bees
  2 yak zombies
  2 hippogriff zombies
  A boulder beetle zombie (Crypt:2)
  A troll skeleton (Crypt:1)
  A troll zombie (Crypt:1)
  21 wights
  2 quasits
  3 electric eels
  6 goliath beetles
  2 eyes of draining (Depths:1)
  A lava snake (Lair:5)
  2 iron imps (WizLab)
  7 crimson imps
  6 elf zombies
  A giant frog skeleton (Crypt:4)
  26 orc priests
  13 hounds
  A giant frog zombie (D:8)
  15 worker ants
  4 big fish
  23 orc wizards
  6 iguanas
  A killer bee zombie (D:7)
  3 ogre zombies (Vaults:2)
  2 orange rats (Elf:2)
  12 sheep
  A mottled dragon zombie (Crypt:2)
  A sky beast zombie (Crypt:1)
  A dwarf skeleton (Crypt:2)
  Terence (D:2)
  6 mummies (Crypt:3)
  10 gnolls
  47 green rats
  A scorpion zombie (Spider:1)
  23 adders
  A giant mite (Spider:1)
  4 shadow imps
  2 white imps
  An inept feature mimic (D:10)
  5 worms
  A goliath beetle zombie (D:6)
  11 ufetubi
  A gnoll zombie (D:5)
  2 sheep zombies (Lair:5)
  3 giant eyeballs
  An ooze (D:3)
  116 orcs
  16 bats
  A bat skeleton (D:6)
  A bat zombie (Crypt:4)
  6 giant cockroaches
  18 goblins
  12 hobgoblins
  15 jackals
  8 quokkas
  7 ball pythons
  14 giant geckos
  2 giant gecko skeletons (D:5)
  A giant gecko zombie (Crypt:3)
  A giant newt (D:5)
  A goblin skeleton (Crypt:1)
  A goblin zombie (Crypt:2)
  2 hobgoblin skeletons
  2 hobgoblin zombies
  11 kobolds
  A kobold zombie (Crypt:1)
  3 orc zombies
  2 quokka skeletons
  26 rats
  21 ballistomycetes
  A bush (D:9)
  A crawling corpse (Elf:3)
  A plant (Lair:8)
1775 creatures vanquished.

Vanquished Creatures (collateral kills)
  Saint Roka (Swamp:3)
  Sojobo (Vaults:3)
  Mara (Swamp:3)
  2 golden dragons
  Jory (Blade)
  A Brimstone Fiend (Swamp:3)
  Arachne (Spider:5)
  A Shadow Fiend (Elf:3)
  2 titans
  3 deep elf master archers (Elf:3)
  An Executioner (Elf:3)
  3 deep elf blademasters (Elf:3)
  A storm dragon (Vaults:5)
  6 tengu reavers
  3 thorn hunters (Swamp:5)
  Kirke (Spider:3)
  3 shadow dragons (Vaults:5)
  2 sphinxes
  5 deep elf sorcerers (Elf:3)
  Donald (Orc:3)
  3 ghost moths (Spider:5)
  Wiglaf (Vaults:1)
  4 fire giants
  3 emperor scorpions
  4 frost giants
  12 vault wardens
  A spriggan defender (Depths:2)
  7 stone giants
  4 deep elf demonologists (Elf:3)
  A vampire knight (Depths:2)
  7 deep elf annihilators
  A black draconian (shapeshifter) (Vaults:3)
  2 dire elephants (Depths:2)
  5 vault guards
  8 ettins
  4 fire dragons
  A deep elf death mage (Elf:3)
  5 deep elf high priests (Elf:3)
  10 ironheart preservers
  2 spriggan air magi (Depths:2)
  6 yaktaur captains
  2 rakshasas (Depths:2)
  16 hydras
  The ghost of Duskembrace the Spry, a powerful FeBe of Trog (Swamp:1)
  Harold (Orc:3)
  4 ice dragons
  20 dancing weapons
  Erica (D:12)
  A tengu warrior (D:14)
  5 alligators
  8 ogre magi
  3 death yaks
  3 orc high priests (Orc:4)
  2 spectral elves (Elf:3)
  2 deep troll shamans
  A thrashing horror (Abyss:1)
  9 centaur warriors
  4 very ugly things
  A wretched star (Abyss:1)
  A fire crab (shapeshifter) (Vaults:3)
  A spriggan berserker (Depths:2)
  5 skeletal warriors
  8 deep elf knights
  A death drake (shapeshifter) (Elf:3)
  4 deep trolls
  3 iron trolls
  A hell knight (Depths:2)
  A hill giant (shapeshifter) (Vaults:5)
  A fire crab (Vaults:1)
  An unseen horror (D:14)
  8 swamp dragons
  2 flayed ghosts
  2 deep elf summoners
  17 orb spiders
  7 orc knights
  6 hill giants
  Joseph (D:10)
  9 harpies
  6 ironbrand convokers
  A necromancer (Vaults:3)
  2 spriggan druids (Swamp:5)
  7 red wasps
  3 deep elf conjurers
  An orc sorcerer (Orc:3)
  A phantasmal warrior (Vaults:5)
  3 sixfirhies
  2 griffons
  A moth of wrath (Spider:5)
  28 wolf spiders
  12 elephants
  35 slime creatures
  An oklob plant (Lair:7)
  2 black mambas
  A mermaid (shapeshifter) (Vaults:4)
  5 cyclopes
  A human skeleton (Spider:1)
  An apocalypse crab (Abyss:1)
  A cyclops (shapeshifter) (Vaults:2)
  A tormentor (Elf:3)
  A smoke demon (Abyss:1)
  8 spiny frogs
  6 vault sentinels
  A vapour (Swamp:2)
  2 orange demons
  2 gargoyles
  25 yaktaurs
  Psyche (D:10)
  A naga mage (Vaults:1)
  A shock serpent skeleton (Spider:1)
  2 small abominations
  A storm dragon simulacrum (Vaults:4)
  An iron devil (Elf:3)
  11 demonic crawlers
  2 fire drakes
  7 deep elf priests
  A centaur zombie (D:15)
  19 jumping spiders
  A raiju (Lair:8)
  6 giant fireflies
  3 freezing wraiths
  2 polar bears (Lair:8)
  A red devil (Orc:4)
  A tengu conjurer (Vaults:1)
  3 trolls
  5 giant leeches
  Sonja (Orc:3)
  11 two-headed ogres
  A sphinx simulacrum (Vaults:4)
  13 blink frogs
  3 boggarts
  4 baby alligators
  A blue devil (Orc:4)
  A raiju (shapeshifter) (Depths:2)
  2 boggarts (shapeshifter) (Vaults:4)
  4 boulder beetles
  4 komodo dragons
  10 ravens
  11 bog bodies
  A griffon zombie (Vaults:3)
  2 thorn lotuses
  A stone giant simulacrum (Vaults:4)
  A shadow (Swamp:1)
  5 grizzly bears (Lair:8)
  3 basilisks
  5 deep elf magi
  An ettin skeleton (Vaults:5)
  10 tarantellas
  A fire elemental (Spider:3)
  34 redbacks
  9 trapdoor spiders
  A wraith (D:15)
  8 spriggans
  A human (shapeshifter) (Depths:2)
  7 sharks
  3 yaks (Lair:3)
  18 deep elf fighters
  A hippogriff (Lair:2)
  Grum (D:11)
  39 ugly things
  2 ynoxinuls
  A hog (Spider:3)
  17 vampire mosquitoes
  A chaos spawn (Depths:2)
  A hungry ghost (Abyss:1)
  9 wolves
  3 wargs
  24 swamp worms
  A warg (shapeshifter) (Vaults:1)
  3 hell hounds
  7 water moccasins
  A deep troll skeleton (Vaults:5)
  2 porcupines (Lair:5)
  7 swamp drakes
  A sky beast (D:14)
  3 black bears (Lair:8)
  22 orc warriors
  A tarantella simulacrum (Spider:1)
  20 ogres
  22 spiders
  8 giant goldfish
  3 yellow wasps
  6 crocodiles
  9 centaurs
  9 giant frogs
  4 giant slugs
  11 insubstantial wisps
  2 scorpions
  2 wights
  An eye of draining (D:14)
  13 killer bees
  3 electric eels
  2 goliath beetles
  A crimson imp (D:15)
  A starcursed mass (Abyss:1)
  3 big fish
  A human simulacrum (Vaults:4)
  6 hounds
  10 orc priests
  2 worker ants
  11 orc wizards
  4 orange rats
  3 iguanas
  A sheep (Lair:8)
  17 green rats
  2 adders
  A shadow imp (D:10)
  A white imp (Lair:8)
  8 ufetubi
  2 worms
  A giant eyeball (Depths:1)
  2 giant geckos
  70 orcs
  3 bats
  A giant cockroach (Spider:1)
  5 goblins
  3 hobgoblins
  4 jackals
  3 quokkas
  2 kobolds (D:10)
  An orc zombie (Orc:3)
  A rat (Lair:1)
  3 bushes (D:9)
  7 butterflies
  3 crawling corpses (Elf:3)
  4 fungi
  8 plants
1157 creatures vanquished.

Vanquished Creatures (others)
  2 profane servitors
  4 bone dragons
  5 ghouls
  2 spectral humans
  An ettin (Vaults:5)
  A deep elf death mage (Crypt:2)
  8 spectral elves
  4 death cobs
  2 ice dragons
  2 deep elf high priests (Elf:3)
  12 skeletal warriors
  4 orb spiders
  12 flayed ghosts
  6 flaming corpses
  A wolf spider zombie (Spider:5)
  A shadow dragon zombie (Vaults:5)
  A harpy zombie (Vaults:1)
  6 phantasmal warriors
  A frost giant zombie (Depths:2)
  A spectral centaur (Orc:4)
  A wizard (WizLab)
  A hell beast (Elf:3)
  A sixfirhy (Elf:3)
  An orange demon (Elf:3)
  A harpy skeleton (Vaults:1)
  2 elf skeletons
  5 redback zombies
  2 centaur zombies
  5 human zombies (Vaults:5)
  3 human skeletons (Vaults:5)
  A jumping spider zombie (Spider:5)
  A tarantella zombie (Spider:5)
  A deep troll zombie (Depths:2)
  A deep elf mage (Vaults:1)
  A trapdoor spider (Spider:4)
  A redback (Vaults:5)
  13 flying skulls
  2 wraiths
  2 humans (Spider:3)
  An ugly thing (Depths:1)
  A deep elf fighter (Elf:1)
  2 orb spider zombies (Spider:5)
  A spider (Spider:3)
  A blink frog zombie (Lair:8)
  5 lost souls
  2 yaktaur zombies (Vaults:1)
  2 spider zombies
  A naga zombie (Vaults:1)
  A wight (Lair:4)
  A tengu zombie (Vaults:1)
  2 elf zombies (Elf:3)
  5 killer bee zombies (Lair:8)
  An orange rat (Elf:2)
  2 ogre zombies (Vaults:5)
  An ogre skeleton (Vaults:5)
  3 mummies
  5 orc zombies
  A goliath beetle zombie (D:8)
  An ufetubus (Elf:3)
  A sheep zombie (Lair:5)
  A bat zombie (D:8)
  6 giant spores
  3127 eldritch tentacle segments (WizLab)
  2 fungi
  A macabre mass (Elf:3)
  5 plants
3303 creatures vanquished.

Grand Total: 6235 creatures vanquished

Notes
Turn   | Place    | Note
--------------------------------------------------------------
     0 | D:1      | MDvedh, the Minotaur Death Knight, began the quest for the Orb.
     0 | D:1      | Reached XP level 1. HP: 18/18 MP: 1/1
   382 | D:1      | Reached skill level 3 in Maces & Flails
   471 | D:1      | Reached XP level 2. HP: 25/25 MP: 1/1
  1017 | D:2      | Noticed Terence
  1025 | D:2      | Killed Terence
  1025 | D:2      | Reached skill level 4 in Maces & Flails
  1025 | D:2      | Reached XP level 3. HP: 30/30 MP: 3/3
  1712 | D:3      | Acquired Yredelemnul's second power
  1712 | D:3      | Reached skill level 5 in Maces & Flails
  1761 | D:3      | Reached XP level 4. HP: 32/37 MP: 3/3
  1824 | D:3      | Reached skill level 6 in Maces & Flails
  2170 | D:3      | Reached XP level 5. HP: 39/42 MP: 4/4
  2241 | D:3      | Noticed a sky beast
  2617 | D:3      | Reached skill level 7 in Maces & Flails
  3421 | D:3      | Killed a sky beast
  3421 | D:3      | Reached skill level 8 in Maces & Flails
  3421 | D:3      | Reached XP level 6. HP: 50/50 MP: 5/5
  3656 | D:4      | Acquired Yredelemnul's third power
  3738 | D:4      | Found Map Kli's Antique Weapon Shop.
  3790 | D:4      | Bought a glowing flail for 98 gold pieces
  3984 | D:4      | Reached skill level 9 in Maces & Flails
  4221 | D:4      | Reached XP level 7. HP: 53/56 MP: 5/5
  4390 | D:4      | Reached skill level 10 in Maces & Flails
  4434 | D:4      | Found a snail-covered altar of Cheibriados.
  4434 | D:4      | Found a basalt altar of Yredelemnul.
  4454 | D:5      | Entered Level 5 of the Dungeon
  4992 | D:5      | Reached skill level 11 in Maces & Flails
  5157 | D:5      | Found a burning altar of Makhleb.
  5310 | D:6      | Reached XP level 8. HP: 24/62 MP: 6/6
  5561 | D:6      | Found Dahom's Assorted Antiques.
  5581 | D:6      | Bought a sedimented pink potion for 23 gold pieces
  5623 | D:6      | Found Thriab's Weapon Boutique.
  5635 | D:6      | Found Ghadisott's Food Emporium.
  5672 | D:6      | Reached skill level 12 in Maces & Flails
  5694 | D:6      | Acquired Yredelemnul's fourth power
  5750 | D:6      | Noticed nht's ghost (experienced DrTm)
  5778 | D:6      | Killed nht's ghost
  6083 | D:6      | Reached skill level 13 in Maces & Flails
  6303 | D:6      | Found Duagus' General Store.
  6312 | D:6      | Bought an uncursed ring of see invisible for 165 gold pieces
  6312 | D:6      | Bought a scroll of teleportation for 33 gold pieces
  6313 | D:6      | Bought a potion of agility for 27 gold pieces
  6468 | D:6      | Reached XP level 9. HP: 68/68 MP: 7/7
  6510 | D:6      | Found a shadowy altar of Dithmenos.
  6896 | D:6      | Reached skill level 14 in Maces & Flails
  7288 | D:7      | Found a staircase to the Ecumenical Temple.
  7409 | D:7      | Found Grenampeam's Weapon Shop.
  7481 | D:7      | Reached skill level 5 in Armour
  7489 | D:7      | Received a gift from Yredelemnul
  8133 | D:7      | Reached XP level 10. HP: 70/74 MP: 8/8
  8344 | D:8      | Reached skill level 10 in Armour
  8482 | D:8      | Noticed a manticore
  8495 | D:8      | Killed a manticore
  8993 | D:8      | Acquired Yredelemnul's fifth power
  9044 | D:8      | Received a gift from Yredelemnul
 10471 | D:9      | Found Khirchi's Jewellery Shop.
 10478 | D:9      | Bought an uncursed amulet of inaccuracy for 32 gold pieces
 10508 | D:9      | Gained mutation: Your magical capacity is low (-10% MP). [potion of mutation]
 10508 | D:9      | Gained mutation: You have a somewhat thin skeletal structure (Dex +2, Stealth). [potion of mutation]
 10508 | D:9      | Gained mutation: You are somewhat resistant to further mutation. [potion of mutation]
 10592 | D:9      | Found a staircase to the Lair.
 11246 | D:9      | Received a gift from Yredelemnul
 11705 | D:9      | Found Trootom's Gadget Shop.
 11813 | D:9      | Found a blossoming altar of Fedhas.
 12161 | D:10     | Entered Level 10 of the Dungeon
 12163 | D:10     | Noticed Joseph
 12163 | D:10     | Noticed a hill giant
 12170 | D:10     | Killed Joseph
 12178 | D:10     | Killed a hill giant
 12178 | D:10     | Reached XP level 11. HP: 62/85 MP: 7/7
 12362 | D:10     | Noticed Psyche
 12369 | D:10     | Killed Psyche
 12369 | D:10     | Reached skill level 5 in Fighting
 12402 | D:10     | Found a staircase to the Lair.
 12626 | D:10     | Received a gift from Yredelemnul
 13082 | D:11     | Found a staircase to the Orcish Mines.
 13132 | D:10     | the staircase to the Lair was a mimic.
 13134 | D:10     | Noticed a four-headed hydra
 13140 | D:10     | Killed a four-headed hydra
 13369 | Lair:1   | Entered Level 1 of the Lair of Beasts
 14871 | Lair:2   | Reached skill level 10 in Fighting
 14876 | Lair:2   | Received a gift from Yredelemnul
 15345 | Lair:3   | Received a gift from Yredelemnul
 15647 | Lair:3   | Noticed Fannar
 15663 | Lair:3   | Killed Fannar
 15891 | Lair:3   | Received a gift from Yredelemnul
 15892 | Lair:3   | Reached skill level 5 in Invocations
 16394 | Lair:4   | Reached XP level 12. HP: 80/110 MP: 14/14
 16910 | Lair:4   | Received a gift from Yredelemnul
 17628 | Lair:5   | Received a gift from Yredelemnul
 17852 | Lair:5   | Received a gift from Yredelemnul
 18091 | Lair:5   | Received a gift from Yredelemnul
 18367 | Lair:5   | Found a hole to the Spider Nest.
 18630 | Lair:5   | Found a staircase to the Swamp.
 18780 | Lair:5   | Received a gift from Yredelemnul
 19099 | Lair:6   | Reached XP level 13. HP: 123/123 MP: 19/19
 20006 | Lair:7   | Reached skill level 10 in Invocations
 20077 | Lair:7   | Found a staircase to the Slime Pits.
 20551 | Lair:8   | Entered Level 8 of the Lair of Beasts
 20847 | Lair:8   | Reached skill level 15 in Fighting
 21171 | Lair:8   | Received a gift from Yredelemnul
 21728 | Lair:8   | Received a gift from Yredelemnul
 21922 | Lair:8   | Reached skill level 16 in Fighting
 23004 | Orc:1    | Entered Level 1 of the Orcish Mines
 23012 | Orc:1    | Received a gift from Yredelemnul
 23322 | Orc:1    | Received a gift from Yredelemnul
 23797 | Orc:2    | Reached skill level 17 in Fighting
 23801 | Orc:2    | Received a gift from Yredelemnul
 23861 | Orc:2    | Received a gift from Yredelemnul
 24183 | Orc:3    | Killed Sonja
 24227 | Orc:3    | Noticed Nessos
 24234 | Orc:3    | Killed Nessos
 24234 | Orc:3    | Enslaved Nessos
 24555 | Orc:3    | Found Shreilet's Weapon Boutique.
 24561 | Orc:3    | Noticed Donald
 24567 | Orc:3    | Killed Donald
 24610 | Orc:3    | Noticed Harold
 24618 | Orc:3    | Killed Harold
 24618 | Orc:3    | Reached skill level 1 in Shields
 24752 | Orc:4    | Entered Level 4 of the Orcish Mines
 24765 | Orc:4    | Found a staircase to the Elven Halls.
 24776 | Orc:4    | Received a gift from Yredelemnul
 24994 | Orc:4    | Reached XP level 14. HP: 127/140 MP: 14/21
 25058 | Orc:4    | Received a gift from Yredelemnul
 25058 | Orc:4    | Your ally Nessos died
 25072 | Orc:4    | Reached skill level 5 in Shields
 25383 | Orc:4    | Found Ner Tel's Food Shop.
 25384 | Orc:4    | Found Klumaock's Weapon Boutique.
 25384 | Orc:4    | Found Amaab's Weapon Shop.
 25396 | Orc:4    | Found Crapse's Food Shop.
 25781 | Orc:4    | Found Cuschoopp's Armour Shop.
 25786 | Orc:4    | Bought a +2 plate armour of poison resistance for 444 gold pieces
 26021 | D:11     | Noticed a hill giant
 26032 | D:11     | Killed a hill giant
 26192 | D:11     | Received a gift from Yredelemnul
 26344 | D:11     | Noticed Grum
 26360 | D:11     | Killed Grum
 27441 | D:12     | Noticed Erica
 27449 | D:12     | Killed Erica
 27585 | D:12     | Received a gift from Yredelemnul
 27805 | D:13     | Found Thuf's Jewellery Boutique.
 28488 | D:13     | Reached skill level 10 in Shields
 28496 | D:13     | Bought an uncursed ring of protection from fire for 325 gold pieces
 28496 | D:13     | Bought an uncursed ring of regeneration for 390 gold pieces
 28946 | D:14     | Received a gift from Yredelemnul
 29752 | D:14     | Found a gate to the Vaults.
 30245 | D:15     | Entered Level 15 of the Dungeon
 30257 | D:15     | Found Ivam's Elemental Accessories.
 30683 | D:15     | Received a gift from Yredelemnul
 31163 | D:15     | Found a staircase to the Depths.
 31790 | D:15     | Reached XP level 15. HP: 129/147 MP: 19/22
 32479 | Swamp:1  | Entered Level 1 of the Swamp
 32736 | Swamp:1  | Received a gift from Yredelemnul
 33125 | Swamp:1  | Noticed Duskembrace's ghost (powerful FeBe)
 33136 | Swamp:1  | Killed Duskembrace's ghost
 33501 | Swamp:1  | Reached skill level 15 in Shields
 34932 | Swamp:3  | Noticed Saint Roka
 34946 | Swamp:3  | Killed Saint Roka
 35344 | Swamp:3  | Received a gift from Yredelemnul
 35374 | Swamp:3  | Gained mutation: Your system is resistant to poisons. [potion of mutation]
 35633 | Swamp:3  | Noticed a Brimstone Fiend
 35744 | Swamp:3  | Killed a Brimstone Fiend
 35751 | Swamp:3  | Noticed Mara
 35759 | Swamp:3  | Killed Mara
 35794 | Swamp:3  | Got a slimy ring mail
 35796 | Swamp:3  | Reached skill level 18 in Fighting
 35796 | Swamp:3  | Reached XP level 16. HP: 131/157 MP: 22/22
 36541 | Swamp:4  | Received a gift from Yredelemnul
 36766 | Swamp:4  | Noticed Norris
 36776 | Swamp:4  | Killed Norris
 36776 | Swamp:4  | Enslaved Norris
 37236 | Swamp:5  | Entered Level 5 of the Swamp
 37243 | Swamp:5  | Received a gift from Yredelemnul
 37311 | Swamp:5  | Reached skill level 19 in Fighting
 37701 | Swamp:5  | Noticed the 27-headed Lernaean hydra
 37706 | Swamp:5  | Your ally Norris died
 37712 | Swamp:5  | Killed the 27-headed Lernaean hydra
 37712 | Swamp:5  | Received a gift from Yredelemnul
 37726 | Swamp:5  | Reached XP level 17. HP: 163/168 MP: 23/23
 37961 | Swamp:5  | Got a decaying rune of Zot
 38464 | Swamp:5  | Reached skill level 20 in Fighting
 38931 | Spider:1 | Entered Level 1 of the Spider Nest
 38931 | Spider:1 | Noticed Josephine
 38941 | Spider:1 | Killed Josephine
 38941 | Spider:1 | Enslaved Josephine
 39136 | Spider:1 | Received a gift from Yredelemnul
 39250 | Spider:1 | Received a gift from Yredelemnul
 39846 | Spider:2 | Received a gift from Yredelemnul
 39972 | Spider:2 | Noticed Snorg
 39977 | Spider:2 | Killed Snorg
 40082 | Spider:2 | Your ally Josephine died
 40317 | Spider:2 | Reached skill level 21 in Fighting
 40780 | Spider:2 | Received a gift from Yredelemnul
 41092 | Spider:3 | Received a gift from Yredelemnul
 41179 | Spider:3 | Noticed Kirke
 41190 | Spider:3 | Killed Kirke
 41212 | Spider:3 | Noticed Azrael
 41229 | Spider:3 | Killed Azrael
 41621 | Spider:4 | Received a gift from Yredelemnul
 42283 | Spider:4 | Received a gift from Yredelemnul
 42599 | Spider:4 | Reached skill level 22 in Fighting
 42664 | Spider:5 | Entered Level 5 of the Spider Nest
 43183 | Spider:5 | Received a gift from Yredelemnul
 43446 | Spider:5 | Noticed Arachne
 43455 | Spider:5 | Killed Arachne
 43492 | Spider:5 | Reached skill level 23 in Fighting
 43493 | Spider:5 | Received a gift from Yredelemnul
 43493 | Spider:5 | Reached XP level 18. HP: 74/188 MP: 5/24
 43806 | Spider:5 | Got a gossamer rune of Zot
 44877 | Vaults:1 | Entered Level 1 of the Vaults
 45114 | Vaults:1 | Received a gift from Yredelemnul
 45216 | Vaults:1 | Cast into the Abyss (vault warden)
 45788 | Vaults:1 | Escaped the Abyss
 45789 | Vaults:1 | Reached skill level 15 in Maces & Flails
 46168 | Vaults:1 | Received a gift from Yredelemnul
 46727 | Vaults:1 | Found a radiant altar of Vehumet.
 46826 | Vaults:1 | Received a gift from Yredelemnul
 46856 | Vaults:1 | Received a gift from Yredelemnul
 47173 | Vaults:1 | Noticed Wiglaf
 47201 | Vaults:1 | Killed Wiglaf
 47202 | Vaults:1 | Received a gift from Yredelemnul
 48193 | Vaults:2 | Received a gift from Yredelemnul
 48407 | Vaults:2 | Found a staircase to the Crypt.
 48407 | Vaults:2 | Found a basalt altar of Yredelemnul.
 48408 | Vaults:2 | Found an ancient bone altar of Kikubaaqudgha.
 48502 | Vaults:2 | Identified the Almanac of Heat (You found it on level 2 of the Vaults)
 48573 | Vaults:2 | Received a gift from Yredelemnul
 48840 | Vaults:2 | Received a gift from Yredelemnul
 48858 | Vaults:2 | Reached skill level 15 in Armour
 48917 | Vaults:2 | Reached XP level 19. HP: 80/195 MP: 15/25
 50551 | Vaults:3 | Received a gift from Yredelemnul
 50822 | Vaults:3 | Noticed Sojobo
 50831 | Vaults:3 | Killed Sojobo
 50832 | Vaults:3 | Received a gift from Yredelemnul
 51338 | Vaults:3 | Found a staircase to the Hall of Blades.
 51347 | Blade    | Entered the Hall of Blades
 51367 | Blade    | Noticed Jory
 51376 | Blade    | Killed Jory
 53764 | Vaults:4 | Identified a scroll of acquirement
 54275 | Vaults:5 | Entered Level 5 of the Vaults
 54284 | Vaults:5 | Reached XP level 20. HP: 180/203 MP: 13/25
 54284 | Vaults:5 | Received a gift from Yredelemnul
 54284 | Vaults:5 | Received a gift from Yredelemnul
 54560 | Vaults:5 | Found Qamymmut's Food Shoppe.
 54891 | Vaults:5 | Got a vibrating copper amulet
 54892 | Vaults:5 | Identified the amulet of Pneveewo {Cons +Rage +Inv} (You found it on level 5 of the Vaults)
 55046 | Vaults:5 | Got an encrusted trident
 55047 | Vaults:5 | Identified the +6,+3 trident of Ashenzari's Favour {speed, Stlth++} (You found it on level 5 of the Vaults)
 55092 | Vaults:5 | Noticed a golden dragon
 55102 | Vaults:5 | Killed a golden dragon
 55264 | Vaults:5 | Noticed an ancient lich
 55878 | Depths:1 | Entered Level 1 of the Depths
 56210 | Depths:1 | Received a gift from Yredelemnul
 56418 | Depths:1 | Paralysed by a giant eyeball for 3 turns
 56537 | Depths:1 | Found Vadenuc's General Store.
 56582 | Depths:1 | Received a gift from Yredelemnul
 56644 | Depths:1 | Found a gateway to Hell.
 57414 | Depths:2 | Found a glowing golden altar of the Shining One.
 57426 | Depths:2 | Found a deep blue altar of Sif Muna.
 57427 | Depths:2 | Found a gateway to a ziggurat.
 57430 | Depths:2 | Received a gift from Yredelemnul
 57718 | Depths:2 | Found a shattered altar of Ashenzari.
 58011 | Depths:2 | Reached XP level 21. HP: 197/211 MP: 26/26
 58446 | Depths:2 | HP: 5/211 [ice dragon/blast of cold (44)]
 58536 | Depths:2 | Reached skill level 24 in Armour
 58978 | Depths:2 | Received a gift from Yredelemnul
 59737 | Depths:2 | Noticed a golden dragon
 59747 | Depths:2 | Killed a golden dragon
 59958 | Depths:2 | Got a slimy lead amulet
 60035 | Depths:2 | Identified the amulet of Khailyat {Cons Dex+2 Int+2} (You took it off a spriggan berserker on level 2 of the Depths)
 60486 | Elf:1    | Entered Level 1 of the Elven Halls
 60547 | Elf:1    | Received a gift from Yredelemnul
 60565 | Elf:1    | Found a magical portal.
 60577 | WizLab   | Entered a wizard's laboratory
 60583 | WizLab   | Found a corrupted altar of Lugonu.
 60597 | WizLab   | Reached skill level 25 in Armour
 61684 | WizLab   | Identified the Handbook of Supportive Displacement
 62416 | WizLab   | Got a slimy cloak
 62417 | WizLab   | Identified the +0 cloak of Crejoed {Dex+3} (You found it in a wizard's laboratory)
 62443 | WizLab   | Identified Golubria's Reference Book on Dislocation and Good Luck
 63077 | Elf:1    | Received a gift from Yredelemnul
 63851 | Elf:2    | Received a gift from Yredelemnul
 64069 | Elf:2    | Got a pair of bloodstained boots
 64070 | Elf:2    | Identified the +0 pair of boots "Froestas" {+Blink Dex+1} (You found it on level 2 of the Elven Halls)
 64289 | Elf:3    | Entered Level 3 of the Elven Halls
 64299 | Elf:3    | Received a gift from Yredelemnul
 64304 | Elf:3    | Reached skill level 26 in Armour
 64367 | Elf:3    | Cast into the Abyss (spectral elf)
 64474 | Abyss:1  | Gained mutation: Space occasionally distorts in your vicinity. [a neqoxec]
 64491 | Abyss:1  | Received a gift from Yredelemnul
 64516 | Abyss:1  | Paralysed by you for 6 turns
 64897 | Abyss:1  | Found a corrupted altar of Lugonu.
 64934 | Abyss:1  | Gained mutation: You digest meat inefficiently. [a neqoxec]
 65048 | Abyss:2  | Paralysed by accursed screaming for 1 turns
 65237 | Abyss:2  | Upgraded the game from 0.14.0-17-gc0b17a5 to 0.14.0-18-g0341e45
 65326 | Abyss:2  | Reached XP level 22. HP: 220/220 MP: 26/26
 65375 | Elf:3    | Escaped the Abyss
 66145 | Elf:3    | Reached skill level 27 in Armour
 66330 | Elf:3    | Received a gift from Yredelemnul
 66685 | Elf:3    | Got an encrusted war axe
 66688 | Elf:3    | Identified the +10,+9 war axe of Tender Mercy {drain, rF+ rC+} (You found it on level 3 of the Elven Halls)
 67318 | Elf:3    | Received a gift from Yredelemnul
 68152 | Elf:3    | Got a polished plate armour
 68153 | Elf:3    | Identified the +9 plate armour "Qetalishre" {rN+ MR+ SInv} (You found it on level 3 of the Elven Halls)
 68384 | Elf:3    | Received a gift from Yredelemnul
 69168 | Temple   | Entered the Ecumenical Temple
 69253 | Temple   | Fell from the grace of Yredelemnul
 69253 | Temple   | Became a worshipper of the Shining One
 70256 | Lair:1   | Lost mutation: Space occasionally distorts in your vicinity. [potion of cure mutation]
 70256 | Lair:1   | Lost mutation: You digest meat inefficiently. [potion of cure mutation]
 70256 | Lair:1   | Lost mutation: Your magical capacity is low (-10% MP). [potion of cure mutation]
 70828 | Crypt:1  | Entered Level 1 of the Crypt
 71044 | Crypt:1  | Acquired the Shining One's first power
 71229 | Crypt:1  | Noticed Aizul
 71240 | Crypt:1  | Killed Aizul
 71378 | Crypt:1  | Acquired the Shining One's second power
 71502 | Crypt:1  | Noticed Jorgrun
 71515 | Crypt:1  | Killed Jorgrun
 71861 | Crypt:2  | Noticed Frederick
 71863 | Crypt:2  | Paralysed by a vampire knight for 3 turns
 71881 | Crypt:2  | Killed Frederick
 72543 | Crypt:2  | Found a white marble altar of Elyvilon.
 72715 | Crypt:2  | Reached XP level 23. HP: 224/234 MP: 30/30
 73092 | Crypt:2  | Acquired the Shining One's third power
 73528 | Crypt:3  | Found a staircase to the Tomb.
 74253 | Crypt:3  | Acquired the Shining One's fourth power
 75539 | Crypt:4  | Paralysed by a vampire knight for 7 turns
 75544 | Crypt:4  | HP: 6/215 [flayed ghost (5)]
 75545 | Crypt:4  | Slain by a vampire knight

Action                   |  1- 3 |  4- 6 |  7- 9 | 10-12 | 13-15 | 16-18 | 19-21 | 22-24 || total
-------------------------+-------+-------+-------+-------+-------+-------+-------+-------++-------
Melee: Mace              |    87 |     7 |       |       |       |       |       |       ||    94
       Flail             |       |   176 |   417 |   995 |  1103 |   565 |       |       ||  3256
       Morningstar       |       |       |       |       |       |   463 |  1536 |  1667 ||  3666
Invok: Animate Dead      |       |       |     2 |     4 |    12 |    21 |    13 |     3 ||    55
       Recall Undead Sla |       |       |     1 |    12 |    22 |    25 |    33 |     8 ||   101
       Enslave Soul      |       |       |       |     1 |     2 |     2 |     2 |     6 ||    13
       Drain Life        |       |       |       |     2 |    12 |    12 |    17 |     7 ||    50
Evoke: Wand              |       |       |     3 |     7 |     4 |     3 |     6 |     1 ||    24
  Use: Scroll            |       |    12 |     3 |    12 |    12 |     7 |    23 |    29 ||    98
       Potion            |       |       |     2 |     4 |     5 |    14 |     7 |     6 ||    38
 Stab: Distracted        |       |       |     1 |     6 |    21 |    14 |    23 |     7 ||    72
       Fleeing           |       |       |       |       |     1 |       |       |       ||     1
